 Dungeon Crawl Stone Soup version 0.20.1-1-g8b1a95d (webtiles) character file.

1128 ReteAZ the Chopper (level 8, 0/50 HPs)
             Began as a Gargoyle Fighter on July 30, 2017.
             Was an Initiate of Okawaru.
             Killed by divine providence
             ... invoked by an orc priest
              (19 damage)
             ... on level 5 of the Dungeon.
             The game lasted 00:08:46 (3606 turns).

ReteAZ the Chopper (Gargoyle Fighter)               Turns: 3606, Time: 00:08:47

Health: 0/50       AC: 13    Str: 20    XL:     8   Next: 35%
Magic:  8/8        EV:  8    Int: 11    God:    Okawaru [......]
Gold:   308        SH:  9    Dex:  9    Spells: 7/7 levels left

rFire    + + .     SeeInvis .   Q - +0 hand axe (vamp)
rCold    x . .     Gourm    .   c - +0 shield
rNeg     + . .     Faith    .   O - +0 ring mail {rF+}
rPois    ∞         Spirit   .   (no helmet)
rElec    +         Reflect  .   E - +0 cloak
rCorr    .         Harm     +   p - +0 pair of gloves
MR       .....                  (no boots)
Stlth    ..........             v - amulet of harm
Regen    0.2/turn               g - ring of wizardry
MPRegen  0.2/turn               y - ring of fire

@: no status effects
A: negative energy resistance 1, electricity resistance, unbreathing,
petrification resistance, rot immunity, AC +5
a: Renounce Religion


You were on level 5 of the Dungeon.
You worshipped Okawaru.
Okawaru was noncommittal.
You were not hungry.

You visited 1 branch of the dungeon, and saw 5 of its levels.

You collected 308 gold pieces.

Inventory:

Hand Weapons
 a - a +0 war axe
 s - a +1 hand axe of electrocution
 Q - a +0 vampiric hand axe (weapon)
Missiles
 k - 6 tomahawks of returning (quivered)
 w - 5 javelins
 R - 3 tomahawks
Armour
 b - a +0 scale mail
 c - a +0 shield (worn)
 p - a +0 pair of gloves (worn)
 E - a +0 cloak (worn)
 O - a +0 ring mail of fire resistance (worn)
Jewellery
 g - a ring of wizardry (left hand)
 v - an amulet of harm (around neck)
 x - an uncursed amulet of faith {unknown}
 y - a ring of fire (right hand)
 C - an uncursed ring of stealth {unknown}
Wands
 t - a wand of acid (4/15)
 z - a wand of digging (14/24)
 K - a wand of paralysis (22/24)
Scrolls
 e - 6 scrolls of remove curse
 l - a scroll of enchant weapon
 m - 4 scrolls of magic mapping
 q - a scroll of recharging {unknown}
 r - a scroll of noise {unknown}
 u - a scroll of fear {unknown}
 A - a scroll of teleportation {unknown}
 B - a scroll of immolation {unknown}
 H - 2 scrolls of fog {unknown}
 J - 3 scrolls of identify {unknown}
 L - a scroll of blinking {unknown}
 M - a scroll of enchant armour {unknown}
Potions
 d - a potion of might
 h - a potion of ambrosia {unknown}
 i - 3 potions of curing {unknown}
 j - a potion of lignification {unknown}
 o - a potion of heal wounds {unknown}
 D - a potion of invisibility {unknown}
 F - a potion of degeneration {unknown}
 G - 2 potions of brilliance {unknown}
 N - a potion of agility
 P - a potion of flight {unknown}
Comestibles
 f - 4 bread rations
 n - 3 meat rations
 I - a royal jelly
 S - a fruit
 T - 3 chunks of flesh


   Skills:
 + Level 5.5 Fighting
 * Level 6.7 Axes
 - Level 5.0 Armour
 - Level 5.1 Shields


You had 7 spell levels left.
You didn't know any spells.

Dungeon Overview and Level Annotations

Branches:
Dungeon (5/15)
 Temple: D:4-7

Altars:
Ashenzari
Cheibriados
Gozag
Hepliaklqana
Okawaru
Vehumet
Xom
Yredelemnul


Innate Abilities, Weirdness & Mutations

You are resistant to torment.
Your stone body is resilient. (AC +5)
You are immune to poison.
You resist negative energy. (rN+)
You are resistant to electric shocks. (rElec)
You can survive without breathing.
You are immune to petrification.
You are immune to rotting.


Message History

You closely miss the orc priest.
The orc priest is lightly wounded.
You hit the bullfrog.
You feel better. You block the bullfrog's attack.
The orc priest invokes the aid of Beogh against you.
Beogh smites you! The bullfrog hits you.
* * * LOW HITPOINT WARNING * * *
Your shield and ring mail prevent you from hitting the orc priest.
The orc priest is lightly wounded.
You hit the bullfrog.
You feel better.
You kill the bullfrog!
Okawaru accepts your kill.
The orc priest looks satisfied for a moment.
You hit the orc priest but do no damage.
The orc priest is lightly wounded.
You block the orc priest's attack.
You hit the orc priest.
You feel better.
The orc priest is moderately wounded.
The orc priest mumbles some strange prayers to Beogh against you.
Beogh smites you!
You die...

......# #.###.#########o#
......## #.........a.o.a.#
.a.@.?.# ####....#########
.......# #.....#.############
...o...# #[##.##............#
.......######.#........).......#
......o..o....)................#
.#.#.#.##.####.†...............#
..............[.@o>#<.(........#
...#....#.##.......#.).........#
.######.#.......##.#...........#
#.#.#.....##.#...........#
#.#.#.....##.#...........#
#.#..........#....(......#
#.###.###....############# #.#
#. #....# #.# # #....#


You could see an orc priest.

Vanquished Creatures
  Sigmund (D:5)
  Edmund (D:4)
  A black bear (D:4)
  An ogre (D:5)
  A bullfrog (D:5)
  4 orc priests
  A bullfrog skeleton (D:4)
  4 orc wizards
  4 worker ants
  7 gnolls
  A howler monkey skeleton (D:5)
  5 adders
  2 oozes (D:2)
  An adder zombie (D:5)
  2 adder skeletons (D:4)
  6 worms
  2 dart slugs
  2 leopard geckos (D:5)
  17 orcs
  6 giant cockroaches
  4 goblins
  10 hobgoblins
  4 jackals (D:5)
  7 kobolds
  4 quokkas
  2 ball pythons
  6 bats
  5 frilled lizards
  2 leopard gecko skeletons (D:4)
  9 rats
122 creatures vanquished.

Notes
Turn   | Place    | Note
-------+----------+-------------------------------------------
     0 | D:1      | ReteAZ the Gargoyle Fighter began the quest for the Orb.
     0 | D:1      | Reached XP level 1. HP: 14/14 MP: 1/1
    71 | D:1      | Reached skill level 2 in Axes
    98 | D:1      | Reached XP level 2. HP: 19/19 MP: 2/2
   730 | D:2      | Reached skill level 3 in Axes
   730 | D:2      | Reached XP level 3. HP: 23/23 MP: 3/3
   879 | D:2      | Reached XP level 4. HP: 26/28 MP: 4/4
   983 | D:2      | Reached skill level 4 in Axes
   989 | D:2      | Found a snail-covered altar of Cheibriados.
   991 | D:2      | Found a basalt altar of Yredelemnul.
  1002 | D:2      | Found a radiant altar of Vehumet.
  1258 | D:3      | Found a transporter.
  1258 | D:3      | Found a transporter.
  1262 | D:3      | Found a hazy altar of Hepliaklqana.
  1364 | D:3      | Reached XP level 5. HP: 30/32 MP: 5/5
  1781 | D:3      | Reached skill level 5 in Axes
  1805 | D:3      | Found a shimmering altar of Xom.
  1914 | D:4      | Noticed a black bear
  1931 | D:4      | Killed a black bear
  1931 | D:4      | Reached XP level 6. HP: 10/37 MP: 6/6
  2104 | D:4      | Noticed Edmund
  2401 | D:4      | Reached XP level 7. HP: 29/43 MP: 7/7
  2607 | D:4      | Found an opulent altar of Gozag.
  2608 | D:4      | Found a shattered altar of Ashenzari.
  2771 | D:4      | Killed Edmund
  2789 | D:5      | Entered Level 5 of the Dungeon
  3029 | D:5      | Noticed Sigmund
  3066 | D:4      | Reached skill level 6 in Axes
  3216 | D:5      | Found an iron altar of Okawaru.
  3222 | D:5      | Became a worshipper of Warmaster Okawaru
  3274 | D:5      | Reached skill level 5 in Fighting
  3274 | D:5      | Reached skill level 5 in Armour
  3274 | D:5      | Reached skill level 5 in Shields
  3274 | D:5      | Reached XP level 8. HP: 49/49 MP: 8/8
  3441 | D:5      | Killed Sigmund
  3606 | D:5      | Killed from afar by an orc priest

Skill      XL: |  1  2  3  4  5  6  7 |
---------------+----------------------+-----
Axes           | 2 3 4 5 6 |  6.7
Shields        | 4 5 |  5.1
Fighting       | 4 5 |  5.5
Armour         | 4 5 |  5.0

Action                   |  1- 3 |  4- 6 |  7- 9 || total
-------------------------+-------+-------+-------++-------
Melee: War axe           |   113 |    36 |       ||   149
       Hand axe          |       |   125 |   209 ||   334
Throw: Tomahawk          |       |       |     1 ||     1
  Use: Scroll            |       |     3 |       ||     3
  Eat: Chunk             |       |     5 |     5 ||    10
       Bread ration      |       |       |     1 ||     1
Armor: Scale mail        |    64 |    74 |       ||   138
       Ring mail         |       |     8 |   100 ||   108
Dodge: Dodged            |    49 |    48 |    48 ||   145
Block: Shield            |    88 |    79 |    88 ||   255
